 Dungeon Crawl Stone Soup version 0.21-a0-632-g1e37ce5188 (webtiles) character file.

2505 Principatus the Infuser (level 9, -5/63 HPs)
             Began as a Halfling Skald on Dec 27, 2017.
             Was an Initiate of Fedhas.
             Slain by a porcupine (10 damage)
             ... on level 8 of the Dungeon on Apr 16, 2018.
             The game lasted 00:43:43 (12292 turns).

Principatus the Infuser (Halfling Skald)           Turns: 12292, Time: 00:43:44

Health: -5/63      AC: 15    Str: 12    XL:     9   Next: 82%
Magic:  20/20      EV: 13    Int: 14    God:    Fedhas [......]
Gold:   260        SH:  0    Dex: 14    Spells: 7/11 levels left

rFire    . . .     SeeInvis .   a - +1 falchion
rCold    . . .     Gourm    .   (shield restricted)
rNeg     . . .     Faith    .   x - +3 ring mail
rPois    .         Spirit   .   o - +2 helmet
rElec    .         Reflect  .   i - +0 cloak
rCorr    .         Harm     .   A - +2 pair of gloves
MR       .....                  (no boots)
Stlth    +.........             (no amulet)
HPRegen  0.20/turn              s - ring of magical power
MPRegen  0.17/turn              (no ring)

@: no status effects
A: small, mutation resistance 1
a: Fungal Bloom, Renounce Religion


You were on level 8 of the Dungeon.
You worshipped Fedhas.
Fedhas was noncommittal.
You were not hungry.

You visited 1 branch of the dungeon, and saw 8 of its levels.

You collected 260 gold pieces.

Inventory:

Hand Weapons
 a - a +1 falchion (weapon)
 v - a +0 hunting sling
Missiles
 g - 166 stones (quivered)
 y - 23 sling bullets
 B - 2 javelins
Armour
 i - a +0 cloak (worn)
 o - a +2 helmet (worn)
 u - a +0 leather armour of fire resistance
 x - a +3 ring mail (worn)
 A - a +2 pair of gloves (worn)
Jewellery
 s - a ring of magical power (left hand)
Wands
 w - a wand of clouds (3)
 C - a wand of polymorph (21)
 F - a wand of flame (30)
Scrolls
 e - a scroll of fog
 n - 2 scrolls of enchant weapon
 p - 3 scrolls of teleportation
 r - 5 scrolls of identify
 t - a scroll of enchant armour
Potions
 b - a potion of heal wounds
 f - a potion of degeneration
 h - a potion of ambrosia
 j - a potion of magic
 k - 3 potions of brilliance
 l - a potion of flight
 m - 3 potions of mutation
 q - 5 potions of curing
 z - a potion of agility
 E - a potion of lignification {unknown}
Books
 c - a book of Battle

   Spells                             Type                      Level
   a - Infusion                       Charms                       1
   b - Shroud of Golubria             Charms/Translocation         2
   c - Song of Slaying                Charms                       2
   d - Spectral Weapon                Hexes/Charms                 3
   e - Regeneration                   Charms/Necromancy            3
 D - a book of Callings

   Spells                             Type                      Level
   a - Summon Small Mammal            Summoning                    1
   b - Call Imp                       Summoning                    2
   c - Call Canine Familiar           Summoning                    3
   d - Summon Guardian Golem          Hexes/Summoning              3
   e - Summon Lightning Spire         Summoning/Air                4
   f - Summon Ice Beast               Ice/Summoning                4
Comestibles
 d - 7 rations


   Skills:
 + Level 6.6 Fighting
 + Level 7.3 Long Blades
 - Level 1.3 Armour
 - Level 2.2 Dodging
 - Level 1.6 Spellcasting
 - Level 2.0 Hexes
 + Level 8.4 Charms


You had 7 spell levels left.
You knew the following spells:

 Your Spells              Type           Power        Failure   Level  Hunger
a - Infusion              Chrm           ###.         1%          1    ##.....
b - Spectral Weapon       Hex/Chrm       ###.....     19%         3    ####...


Dungeon Overview and Level Annotations

Branches:
Dungeon (8/15)
 Temple: D:4-7         Lair: D:8-11

Altars:
Fedhas
Gozag
Okawaru

Annotations:
D:6 Pikel


Innate Abilities, Weirdness & Mutations

You are small and have problems with some larger weapons.
You are somewhat resistant to further mutation.


Message History

The hungry ghost closely misses you. The porcupine bites you.
* * * LOW HITPOINT WARNING * * *
You hit the big kobold but do no damage.
The big kobold is lightly wounded.
The big kobold hits you but does no damage.
The porcupine closely misses you. The hungry ghost closely misses you.
You riposte.
You completely miss the hungry ghost.
The hungry ghost is lightly damaged.
You barely miss the big kobold.
The big kobold is lightly wounded.
The big kobold hits you but does no damage.
The porcupine bites you but does no damage.
The hungry ghost completely misses you.
You hit the big kobold but do no damage.
The big kobold is lightly wounded.
The big kobold hits you.
* * * LOW HITPOINT WARNING * * *
The porcupine bites you!
You die...
Fedhas appreciates your contribution to the ecosystem. ..... .$.. ###...#.. .......(. #...#...♣ ### #Kh

.... #.#
#K#.rh
#.###K#K#
#<..W@rK#
#...((#h#
#######.#
. ##


You could see a hungry ghost, a black bear, a big kobold, 2 wolves, 2 porcupines
and 4 kobolds.

Vanquished Creatures
  Grinder (D:5)
  An orc warrior (D:7)
  3 slaves
  2 phantoms (D:4)
  An ice beast (D:5)
  4 ogres
  4 centaurs
  A bullfrog (D:6)
  A wyvern zombie (D:7)
  3 scorpions
  A howler monkey (D:4)
  2 jellies
  2 crimson imps (D:5)
  A bullfrog zombie (D:5)
  5 hounds
  A bullfrog skeleton (D:5)
  3 orc priests (D:4)
  4 orc wizards
  Ijyb (D:4)
  A worker ant (D:4)
  A killer bee zombie (D:3)
  A worker ant zombie (D:5)
  9 gnolls
  12 adders
  2 shadow imps
  3 adder skeletons
  An adder zombie (D:7)
  3 worms
  6 dart slugs
  3 leopard geckos
  25 orcs
  5 giant cockroaches
  8 hobgoblins
  8 jackals
  4 kobolds (D:1)
  6 quokkas
  10 bats
  3 frilled lizards
  8 goblins
  2 quokka skeletons
  5 rats
167 creatures vanquished.

Vanquished Creatures (others)
  An orc wizard (D:5)
  2 plants (D:8)
  8 spectral weapons
  8 toadstools
19 creatures vanquished.

Grand Total: 186 creatures vanquished

Notes
Turn   | Place    | Note
-------+----------+-------------------------------------------
     0 | D:1      | Principatus the Halfling Skald began the quest for the Orb.
     0 | D:1      | Reached XP level 1. HP: 14/14 MP: 3/3
   104 | D:1      | Reached XP level 2. HP: 7/19 MP: 0/4
  1177 | D:1      | Reached XP level 3. HP: 12/24 MP: 1/5
  2596 | D:1      | Reached XP level 4. HP: 24/30 MP: 0/6
  3209 | D:2      | Reached skill level 4 in Charms
  3258 | D:2      | Reached XP level 5. HP: 33/36 MP: 3/7
  3381 | D:2      | Found an opulent altar of Gozag.
  4523 | D:3      | Noticed a hippogriff
  5240 | D:3      | Reached XP level 6. HP: 25/42 MP: 1/8
  5383 | D:3      | Learned a level 3 spell: Spectral Weapon
  5870 | D:4      | Noticed a phantom
  6186 | D:4      | Killed a phantom
  6372 | D:4      | Reached skill level 1 in Hexes
  6395 | D:4      | Reached skill level 5 in Charms
  6513 | D:4      | Reached XP level 7. HP: 33/47 MP: 9/9
  6534 | D:4      | Noticed Ijyb
  6544 | D:4      | Killed Ijyb
  6571 | D:4      | Found a blossoming altar of Fedhas.
  6580 | D:4      | Became a worshipper of Fedhas Madash
  6640 | D:4      | Noticed an oklob plant
  7598 | D:4      | Reached XP level 8. HP: 35/54 MP: 10/10
  7915 | D:4      | Reached skill level 5 in Long Blades
  8030 | D:4      | Reached skill level 6 in Charms
  8134 | D:5      | Entered Level 5 of the Dungeon
  8415 | D:5      | Reached skill level 5 in Fighting
  8661 | D:5      | Noticed Grinder
  8673 | D:5      | Paralysed by Grinder for 2 turns
  8678 | D:5      | Killed Grinder
  8678 | D:5      | Reached skill level 7 in Charms
  8678 | D:5      | Reached XP level 9. HP: 32/61 MP: 11/11
  9125 | D:5      | Found an iron altar of Okawaru.
 10796 | D:7      | Reached skill level 8 in Charms
 11005 | D:7      | Noticed Pikel
 12231 | D:7      | Paralysed by fainting for 6 turns
 12237 | D:7      | Paralysed by fainting for 9 turns
 12275 | D:8      | Paralysed by fainting for 6 turns
 12292 | D:8      | Slain by a porcupine

Vault maps used:
D:1:      dpeg_arrival_tiny_a, lemuel_another_geyser
D:2:      nicolae_overflow_hidden_temple
D:3:      grunt_decor_resistance, kennysheep_generic_room_7
D:4:      first_ration, nicolae_ossuary_entry_ruins, tgw_fedhas, uniq_ijyb
D:5:      minmay_ruined_shrine, uniq_grinder
D:7:      lemuel_temple_firewalk_b, uniq_pikel
D:8:      minmay_lair_entry_grove, serial_shops, shop, minmay_misc_feat_rows,
          david_nohive_1, uniq_maurice

Skill      XL: |  1  2  3  4  5  6  7  8  9 |
---------------+----------------------------+-----
Fighting       | 2 3 4 5 6 |  6.6
Long Blades    | 3 4 6 7 |  7.3
Charms         | 4 5 7 8 |  8.4
Hexes          | 1 2 |  2.0
Armour         | |  1.3
Dodging        | |  2.2
Spellcasting   | |  1.6

Action                   |  1- 3 |  4- 6 |  7- 9 || total
-------------------------+-------+-------+-------++-------
Melee: Falchion          |    73 |   201 |   320 ||   594
Throw: Stone             |     1 |       |     3 ||     4
 Cast: Infusion          |    15 |    28 |    22 ||    65
       Spectral Weapon   |       |     3 |    41 ||    44
Invok: Fungal Bloom      |       |       |     4 ||     4
  Use: Potion            |     1 |     1 |     1 ||     3
       Scroll            |       |     7 |     9 ||    16
 Stab: Distracted        |       |     1 |     4 ||     5
  Eat: Chunk             |     5 |     9 |    14 ||    28
       Ration            |       |     2 |     5 ||     7
Armor: Leather armour    |    30 |    64 |     2 ||    96
       Ring mail         |       |       |   280 ||   280
Dodge: Dodged            |    75 |   156 |   377 ||   608
       Rpst.: Falchion   |    27 |    51 |   122 ||   200

Table legend:
 A = Spawn XP
 B = Non-spawn XP
 C = Spawn XP percentage of total XP
 D = Spawn monster count
 E = Non-spawn monster count
 F = Spawn count percentage of total count
 G = Total turns spent on level
                    A         B        C        D         E        F      G
               +---------+---------+-------+---------+---------+-------+---------
         Total |       0 |    3579 |   0.0 |       0 |     164 |   0.0 | 12292
               +---------+---------+-------+---------+---------+-------+---------
           D:1 |       0 |      69 |   0.0 |       0 |      27 |   0.0 |  2785
           D:2 |       0 |      89 |   0.0 |       0 |      24 |   0.0 |  1439
           D:3 |       0 |     157 |   0.0 |       0 |      23 |   0.0 |  2198
           D:4 |       0 |     961 |   0.0 |       0 |      34 |   0.0 |  1712
           D:5 |       0 |    1346 |   0.0 |       0 |      35 |   0.0 |  2066
           D:6 |       0 |     413 |   0.0 |       0 |      11 |   0.0 |  1375
           D:7 |       0 |     544 |   0.0 |       0 |      10 |   0.0 |   683
               +---------+---------+-------+---------+---------+-------+---------
